 Dungeon Crawl Stone Soup version 0.13-a0-2884-gbbf8bdf (webtiles) character file.

288 PolkaDot the Vexing (level 4, 0/30 HPs)
             Began as a Vampire Enchanter on Aug 29, 2013.
             Slain by an orc
             ... wielding a +0,+1 orcish hand axe
              (6 damage)
             ... on Level 4 of the Dungeon.
             The game lasted 00:15:17 (3636 turns).

PolkaDot the Vexing (Vampire Enchanter)             Turns: 3636, Time: 00:15:17

HP   0/30        AC  5     Str  7      XL: 4   Next: 77%
MP   2/8         EV 12     Int 18      God:
Gold 167         SH  0     Dex 14      Spells:  2 memorised,  1 level left

Res.Fire  : . . .   See Invis. : +   a - +1 dagger (curse) {=f}
Res.Cold  : + + .   Warding    : .   b - +1 robe
Life Prot.: + + +   Conserve   : .   (no shield)
Res.Poison: +       Res.Corr.  : .   (no helmet)
Res.Elec. : .       Clarity    : .   (no cloak)
Sust.Abil.: . .     Spirit.Shd : .   (no gloves)
Res.Mut.  : .       Stasis     : .   k - +1 pair of boots
Res.Rott. : +       Flight     : .   e - amulet of inaccuracy {unknown}
Saprovore : . . .                    r - ring of protection from magic {unknown}
                                     j - ring of flight

@: non-regenerating, somewhat resistant to hostile enchantments, very stealthy
A: fangs 3, see invisible, unbreathing
a: Bat Form, Evoke Flight


You were on level 4 of the Dungeon.
You were bloodless.

You visited 1 branch of the dungeon, and saw 4 of its levels.

You collected 147 gold pieces.

Inventory:

Hand weapons
 a - a cursed +1,+1 dagger (weapon) {=f}
Armour
 b - a +1 robe (worn)
 k - a +1 pair of boots (worn)
Scrolls
 i - 4 scrolls of identify
 m - 4 scrolls of remove curse
Jewellery
 e - an amulet of inaccuracy (around neck) {unknown}
 j - a ring of flight (left hand)
 n - an uncursed ring of teleportation
 r - a ring of protection from magic (right hand) {unknown}
Books
 c - a book of Maledictions

   Spells                             Type                      Level
   *Corona                            Hexes                        1
   Sure Blade                         Hexes/Charms                 2
   Ensorcelled Hibernation            Hexes/Ice                    2
   *Confuse                           Hexes                        3
   Enslavement                        Hexes                        4
   Invisibility                       Hexes                        6


   Skills:
 - Level 2.1 Short Blades
 - Level 0.7 Throwing
 + Level 2.1 Dodging
 * Level 5.7 Stealth
 - Level 1.0 Spellcasting
 * Level 6.0 Hexes


You had one spell level left.
You knew the following spells:

 Your Spells              Type           Power        Failure   Level  Hunger
a - Corona                Hex            ###....      1%          1    ##.....
c - Confuse               Hex            ###.....     6%          3    ####...


Dungeon Overview and Level Annotations

Branches:
Dungeon (4/27)
 Temple: D:4-7

Altars:
Fedhas


Innate Abilities, Weirdness & Mutations

You do not heal naturally.
You have razor-sharp teeth.*
You have supernaturally acute eyesight.
You can survive without breathing.*


Message History

The orc seems less confused.
Things that are here:
an orcish hand axe an orcish leather armour; a dart You aren't carrying any potions.
You aren't carrying any corpses which you can drain.
Okay, then.
You aren't carrying any potions.
Throwing (i - inventory):
d - a dart (quivered)
Press: ? - help, Shift-Dir - straight line, f - orc
Aim: an orc, wielding an orcish hand axe (moderately wounded)
You throw a dart. The dart misses the orc.
You barely miss the orc.
The orc is moderately wounded.
The orc hits you with an orcish hand axe.
* * * LOW HITPOINT WARNING * * *
You hit the orc.
The orc is heavily wounded.
The orc hits you with an orcish hand axe.
You die...

#(# #.# #.#
#.# #.# #.#
#.# #.#
##.#######.#
#.((((.....#
##)#########
#o# #@# ###


You could see an orc.

Vanquished Creatures
  5 adders
  2 oozes
  3 orcs
  10 bats
  8 giant cockroaches
  3 goblins
  4 hobgoblins
  3 jackals (D:3)
  13 kobolds
  A quokka (D:2)
  5 giant geckos
  3 giant newts
  12 rats
72 creatures vanquished.

Notes
Turn   | Place    | Note
--------------------------------------------------------------
     0 | D:1      | PolkaDot, the Vampire Enchanter, began the quest for the Orb.
     0 | D:1      | Reached XP level 1. HP: 13/13 MP: 4/4
   509 | D:1      | Reached XP level 2. HP: 14/19 MP: 3/5
   841 | D:1      | Reached skill level 5 in Hexes
   921 | D:1      | Reached XP level 3. HP: 15/24 MP: 6/6
   926 | D:1      | Learned a level 3 spell: Confuse
  1642 | D:2      | Reached XP level 4. HP: 25/30 MP: 6/8
  1831 | D:2      | Reached skill level 5 in Stealth
  2234 | D:3      | Reached skill level 6 in Hexes
  2400 | D:3      | Paralysed by a potion of paralysis for 1 turns
  2893 | D:3      | Found a blossoming altar of Fedhas.
  3636 | D:4      | Slain by an orc

Action                   |  1- 3 |  4- 6 || total
-------------------------+-------+-------++-------
Melee: Dagger            |   169 |   244 ||   413
Throw: Dart              |    19 |     9 ||    28
 Cast: Corona            |     7 |     2 ||     9
       Confuse           |     1 |    12 ||    13
 Abil: End Transformatio |       |     2 ||     2
       Bat Form          |       |     2 ||     2
       Evoke Flight      |       |     1 ||     1
  Use: Scroll            |     5 |     3 ||     8
       Potion            |       |    14 ||    14
 Stab: Sleeping          |     7 |     9 ||    16
       Confused          |     1 |     3 ||     4
       Distracted        |       |     1 ||     1
